 Dungeon Crawl Stone Soup version 0.27-a0-1084-g78b3836a5f (webtiles) character file.

Game seed: 3167385840690059415

207 ohmysez the Archer (level 5, -5/43 HPs)
             Began as a Gnoll Hunter on Apr 27, 2021.
             Slain by an ogre
             ... wielding a +0 giant club
              (30 damage)
             ... on level 4 of the Dungeon.
             The game lasted 00:28:16 (4300 turns).

ohmysez the Archer (Gnoll Hunter)                   Turns: 4300, Time: 00:28:17

Health: -5/43      AC:  6    Str: 12    XL:     5   Next: 85%
Magic:  6/7        EV: 13    Int: 10    God:
Gold:   165        SH:  0    Dex: 13    Spells: 7/7 levels left

rFire    . . .     SeeInvis .   w - +0 short sword
rCold    . . .     Faith    .   (no shield)
rNeg     . . .     Spirit   .   c - +2 leather armour
rPois    .         Reflect  .   P - +0 helmet
rElec    .         Harm     .   (no cloak)
rCorr    .         Rampage  .   (no gloves)
Will     .....                  (no boots)
Stlth    ++........             (no amulet)
HPRegen  0.14/turn              f - +4 ring of slaying
MPRegen  0.10/turn              (no ring)

@: no status effects
A: fangs 1, strong nose, distributed training
a: no special abilities


You were on level 4 of the Dungeon.
You visited 1 branch of the dungeon, and saw 4 of its levels.

You collected 225 gold pieces.
You spent 60 gold pieces at shops.

Inventory:

Hand Weapons
 a - a +2 shortbow
 w - a +0 short sword (weapon)
Missiles
 d - 9 arrows
 i - 16 sling bullets
 l - 9 poisoned darts (quivered)
Armour
 c - a +2 leather armour (worn)
 A - a +0 buckler
 P - a +0 helmet (worn)
Jewellery
 f - a +4 ring of slaying (left hand)
Wands
 b - a wand of flame (13)
Scrolls
 D - a scroll of identify {unknown}
 E - a scroll of enchant armour
 F - a scroll of vulnerability {unknown}
 K - a scroll of brand weapon {unknown}
 M - 2 scrolls of immolation
 S - a scroll of silence {unknown}
Potions
 j - a potion of attraction {unknown}
 m - 2 potions of curing {unknown}
 z - a potion of invisibility {unknown}
 B - a potion of mutation {unknown}
 J - a potion of heal wounds
 L - a potion of haste {unknown}
 N - a potion of lignification {unknown}


   Skills:
 + Level 4.8 Fighting
 + Level 1.6 Short Blades
 + Level 1.6 Long Blades
 + Level 1.6 Axes
 + Level 1.6 Maces & Flails
 + Level 1.6 Polearms
 + Level 1.6 Staves
 + Level 1.6 Slings
 + Level 8.7 Bows
 + Level 1.6 Crossbows
 + Level 1.6 Throwing
 + Level 1.6 Armour
 + Level 4.8 Dodging
 + Level 2.9 Stealth
 + Level 1.6 Shields
 + Level 1.6 Unarmed Combat
 + Level 1.6 Spellcasting
 + Level 1.3 Conjurations
 + Level 1.3 Hexes
 + Level 1.3 Summonings
 + Level 1.3 Necromancy
 + Level 1.3 Translocations
 + Level 1.3 Transmutations
 + Level 1.3 Fire Magic
 + Level 1.3 Ice Magic
 + Level 1.3 Air Magic
 + Level 1.3 Earth Magic
 + Level 1.3 Poison Magic
 + Level 1.9 Invocations
 + Level 1.6 Evocations


You had 7 spell levels left.
You didn't know any spells.
Your spell library contained the following spells:

 Spells                   Type           Power      Damage    Failure   Level
 Foxfire                  Conj/Fire      12%        2x1d4     24%         1
 Magic Dart               Conj           12%        1d3       24%         1
 Searing Ray              Conj           6%         3d3       34%         2
 Conjure Flame            Conj/Fire      3%         6-21      56%         3
 Dazzling Flash           Conj/Hex       6%         N/A       56%         3
 Inner Flame              Hex/Fire       3%         N/A       56%         3
 Fulminant Prism          Conj/Hex       1%         3d6       93%         4
 Iskenderun's Mystic Bla  Conj/Tloc      3%         2d3       93%         4
 Sticky Flame             Conj/Fire      3%         2d3       93%         4
 Fireball                 Conj/Fire      1%         3d3       100%        5


Dungeon Overview and Level Annotations

Branches:
Dungeon (4/15)
 Temple: D:4-7

Altars:
Ru
Trog
Xom
Yredelemnul

Shops:
D:3 !   D:4 ((


Innate Abilities, Weirdness & Mutations

You have very sharp teeth.
Your uncanny sense of smell can sniff out nearby items.
Your experience applies equally to all skills.


Message History

Unknown command.
You barely miss the kobold. The kobold hits you but does no damage.
The kobold completely misses you.
You hit the kobold.
You kill the kobold!
You hit the ogre.
The ogre is moderately wounded.
The ogre hits you with a +0 giant club!
You hit the ogre.
The ogre is moderately wounded.
The ogre hits you with a +0 giant club!
You puncture the ogre!
The ogre is severely wounded.
The ogre barely misses you.
You hit the ogre.
The ogre is severely wounded.
The ogre misses you.
You hit the ogre.
The ogre is almost dead.
You hit the ogre.
You kill the ogre!
You hit the ogre.
The ogre is lightly wounded.
The ogre closely misses you.
You hit the ogre.
The ogre is moderately wounded.
The ogre misses you.
You hit the ogre.
The ogre is moderately wounded.
You puncture the ogre!
The ogre is severely wounded.
The ogre barely misses you.
You hit the ogre.
The ogre is severely wounded.
The ogre closely misses you.
You closely miss the ogre.
The ogre is severely wounded.
The ogre hits you with a +0 giant club!!
Ouch! That really hurt!
You die...

. .. ... #.#. ##########
.∩... ..........
#?#...############.....##
..!...)O@........'.....'.
......############....)#.
$.... #.....#. ....
####### ###


You could see an ogre.

Vanquished Creatures
  An ogre (D:4)
  An orc priest (D:4)
  2 adders (D:4)
  A worm (D:2)
  2 dart slugs
  3 orcs (D:4)
  6 ball pythons
  6 endoplasms
  5 giant cockroaches
  8 goblins
  4 hobgoblins
  4 kobolds
  3 quokkas
  5 bats
  3 frilled lizards
  4 rats
  A spectral orc (D:4)
59 creatures vanquished.

Notes
Turn   | Place    | Note
-------+----------+-------------------------------------------
     0 | D:1      | ohmysez the Gnoll Hunter began the quest for the Orb.
     0 | D:1      | Reached XP level 1. HP: 20/20 MP: 1/1
   183 | D:1      | Reached XP level 2. HP: 26/26 MP: 2/2
   622 | D:1      | Reached XP level 3. HP: 31/31 MP: 3/3
  1829 | D:2      | Reached skill level 1 in Invocations
  2182 | D:2      | Reached skill level 1 in Short Blades
  2182 | D:2      | Reached skill level 1 in Long Blades
  2182 | D:2      | Reached skill level 1 in Axes
  2182 | D:2      | Reached skill level 1 in Maces & Flails
  2182 | D:2      | Reached skill level 1 in Polearms
  2182 | D:2      | Reached skill level 1 in Staves
  2182 | D:2      | Reached skill level 1 in Slings
  2182 | D:2      | Reached skill level 1 in Crossbows
  2182 | D:2      | Reached skill level 1 in Throwing
  2182 | D:2      | Reached skill level 1 in Armour
  2182 | D:2      | Reached skill level 1 in Shields
  2182 | D:2      | Reached skill level 1 in Unarmed Combat
  2182 | D:2      | Reached skill level 1 in Spellcasting
  2182 | D:2      | Reached skill level 1 in Evocations
  2956 | D:3      | Found Zoifyibu's Distillery.
  3017 | D:3      | Bought a potion of heal wounds for 60 gold pieces
  3068 | D:3      | Reached XP level 4. HP: 38/38 MP: 5/5
  3346 | D:3      | Found a sacrificial altar of Ru.
  3350 | D:3      | Found a bloodstained altar of Trog.
  3640 | D:4      | Found a shimmering altar of Xom.
  3699 | D:4      | Found Ogyaten's Antique Weapon Emporium.
  4047 | D:4      | Found a basalt altar of Yredelemnul.
  4058 | D:4      | Reached skill level 1 in Conjurations
  4058 | D:4      | Reached skill level 1 in Hexes
  4058 | D:4      | Reached skill level 1 in Summonings
  4058 | D:4      | Reached skill level 1 in Necromancy
  4058 | D:4      | Reached skill level 1 in Translocations
  4058 | D:4      | Reached skill level 1 in Transmutations
  4058 | D:4      | Reached skill level 1 in Fire Magic
  4058 | D:4      | Reached skill level 1 in Ice Magic
  4058 | D:4      | Reached skill level 1 in Air Magic
  4058 | D:4      | Reached skill level 1 in Earth Magic
  4058 | D:4      | Reached skill level 1 in Poison Magic
  4278 | D:4      | Found Ugrush Gunk's Weapon Shop.
  4281 | D:4      | Noticed an ogre
  4284 | D:4      | Noticed an ogre
  4286 | D:4      | Reached XP level 5. HP: 42/43 MP: 5/7
  4294 | D:4      | Killed an ogre
  4300 | D:4      | Slain by an ogre

Illustrated notes

Levels and vault maps discovered:
D:1:      dpeg_arrival_boxorama, layout_basic, corexii_item_surrounded_by_moat
D:2:      layout_rooms, kennysheep_cluttered_room, interstate_on_off,
          minmay_tree_intersection, chequers_serial_rivers_micro_c
D:3:      layout_rooms, nicolae_overflow_hidden_temple, serial_shops,
          nicolae_shop_waterfront
D:4:      layout_basic, yredelemnul_forgotten_temple_becter,
          lemuel_crystal_altar, serial_shops, shop, nicolae_shop_crystal,
          kennysheep_mini, shop

Skill      XL: |  1  2  3  4 |
---------------+-------------+-----
Invocations    | 1 |  1.9
Short Blades   | 1 |  1.6
Long Blades    | 1 |  1.6
Axes           | 1 |  1.6
Maces & Flails | 1 |  1.6
Polearms       | 1 |  1.6
Staves         | 1 |  1.6
Slings         | 1 |  1.6
Crossbows      | 1 |  1.6
Throwing       | 1 |  1.6
Armour         | 1 |  1.6
Shields        | 1 |  1.6
Unarmed Combat | 1 |  1.6
Spellcasting   | 1 |  1.6
Evocations     | 1 |  1.6
Conjurations   | 1 |  1.3
Hexes          | 1 |  1.3
Summonings     | 1 |  1.3
Necromancy     | 1 |  1.3
Translocations | 1 |  1.3
Transmutations | 1 |  1.3
Fire Magic     | 1 |  1.3
Ice Magic      | 1 |  1.3
Air Magic      | 1 |  1.3
Earth Magic    | 1 |  1.3
Poison Magic   | 1 |  1.3
Fighting       | |  4.8
Bows           | |  8.7
Dodging        | |  4.8
Stealth        | |  2.9

Action                   |  1- 3 |  4- 6 || total
-------------------------+-------+-------++-------
Melee: Shortbow          |     4 |       ||     4
       Short sword       |       |    41 ||    41
       Bite              |       |     4 ||     4
 Fire: Shortbow          |    99 |     9 ||   108
Throw: Dart              |       |     5 ||     5
  Use: Scroll            |     6 |     1 ||     7
 Stab: Sleeping          |       |     2 ||     2
Armor: Leather armour    |    16 |     6 ||    22
Dodge: Dodged            |    30 |    19 ||    49

Table legend: (Time is in decaauts)
 A = Elapsed time spent in this place.
 B = Non-inter-level travel time spent in this place.
 C = Inter-level travel time spent in this place.
 D = Time resting spent in this place.
 E = Time spent auto-exploring this place.
 F = Levels seen in this place.
 G = Mean time per level.
                   A        B        C        D        E       F      G
               +--------+--------+--------+--------+--------+-----+--------+
         Total |   4292 |   4097 |    195 |    400 |   1191 |   4 | 1073.0 |
       Dungeon |   4292 |   4097 |    195 |    400 |   1191 |   4 | 1073.0 |
               +--------+--------+--------+--------+--------+-----+--------+

Top non-repeatable levels by time:
     D:1: 1688 daAuts
     D:2: 1197 daAuts
     D:4: 705 daAuts
     D:3: 700 daAuts
